 Dungeon Crawl Stone Soup version 0.29.1-1-gd02db6906a (webtiles) character file.

Game seed: 9553897510821053270

32 Earthwalker the Trooper (level 3, 0/33 HPs)
             Began as a Minotaur Abyssal Knight on Oct 6, 2022.
             Was a Believer of Lugonu.
             Slain by a gnoll
             ... wielding a +0 halberd
              (2 damage)
             ... on level 2 of the Dungeon.
             The game lasted 00:02:44 (1108 turns).

Earthwalker the Trooper (Minotaur Abyssal Knight)   Turns: 1108, Time: 00:02:44

Health: 0/33       AC:  3    Str: 17    XL:     3   Next: 8%
Magic:  3/3        EV: 11    Int:  7    God:    Lugonu [**....]
Gold:   80         SH:  0    Dex: 12    Spells: 2/2 levels left

rFire   . . .      SeeInvis .   a - +1 spear
rCold   . . .      Faith    .   (no shield)
rNeg    . . .      Spirit   .   b - +0 leather armour
rPois   .          Reflect  .   (helmet restricted)
rElec   .          Harm     .   (no cloak)
rCorr   .          Rampage  .   (no gloves)
Will    .....                   (no boots)
Stlth   +.........              (no amulet)
HPRegen 0.11/turn               (no ring)
MPRegen 0.08/turn               (no ring)

@: no status effects
A: horns 2, retaliatory headbutt
a: Renounce Religion, Depart the Abyss, Bend Space


You were on level 2 of the Dungeon.
You worshipped Lugonu.
Lugonu was pleased with you.
You visited 1 branch of the dungeon, and saw 2 of its levels.
You visited the Abyss 1 time.

You collected 80 gold pieces.

Inventory:

Hand Weapons
 a - a +1 spear (weapon)
Armour
 b - a +0 leather armour (worn)
 h - a +0 ring mail
Scrolls
 d - a scroll of teleportation
 k - a scroll of identify {unknown}
Potions
 c - a potion of invisibility {unknown}
 e - a potion of attraction {unknown}
 f - 2 potions of heal wounds {unknown}
 g - a potion of cancellation {unknown}
 i - a potion of lignification {unknown}
 j - a potion of flight {unknown}


   Skills:
 + Level 4.1 Fighting
 + Level 3.0 Polearms
 + Level 2.9 Armour
 + Level 1.1 Dodging
 + Level 2.3 Invocations


You had 2 spell levels left.
You didn't know any spells.
Your spell library was empty.

Dungeon Overview and Level Annotations

Branches:
Dungeon (2/15)

Altars:


Innate Abilities, Weirdness & Mutations

You have a pair of horns on your head.
You reflexively headbutt those who attack you in melee.


Message History

You have reached level 3!
Your experience leads to an increase in your attributes!
Increase (S)trength, (I)ntelligence, or (D)exterity?
You feel agile. x2
A worm is nearby!
Found 6 stones.
You see here an adder corpse.
You hit the worm but do no damage. You hit the worm.
The worm is moderately wounded.
The worm completely misses you.
You hit the worm. You headbutt the worm!
The worm is almost dead.
You hit the worm.
You kill the worm!
Lugonu accepts your kill.
You see here a worm corpse.
Found a dagger.
A gnoll comes into view. It is wielding a +0 halberd.
The gnoll shouts!
A gnoll comes into view. It is wielding a +0 spear.
Found a stone staircase leading up.
A gnoll comes into view. It is wielding a +0 halberd.
The gnoll shouts!
The gnoll hits you from afar with a +0 halberd.
The gnoll barely misses you. x2
You barely miss the gnoll. The gnoll hits you with a +0 halberd.
The gnoll hits you with a +0 spear.
You hit the gnoll. Your headbutt misses the gnoll.
The gnoll is lightly wounded.
The gnoll hits you with a +0 halberd! The gnoll hits you with a +0 spear.
You hit the gnoll.
You headbutt the gnoll, but do no damage.
The gnoll is moderately wounded.
The gnoll hits you with a +0 halberd.
* * * LOW HITPOINT WARNING * * *
The gnoll hits you with a +0 spear.
* * * LOW HITPOINT WARNING * * *
The gnoll hits you from afar with a +0 halberd.
You die...

#)........... #
####............ .
................ #
###............ #
########..............
.
.....#...##..#.......#
# #...###..##.......#
##....††.###.......#
#..####....@g(....##
###.###...####gg....#
#...# #.### #......#
###.### #. .......#
#...# # ..###..# #.###
#.# ..# ##.# #<# .#
#..# .# #.##


You could see 3 gnolls.

Vanquished Creatures
  An adder (D:2)
  A worm (D:2)
  A dart slug (D:1)
  A bat (D:1)
  An endoplasm (D:1)
  2 goblins (D:1)
  2 kobolds (D:1)
  A quokka (D:1)
  5 ball pythons
  A frilled lizard (D:1)
  4 rats (D:1)
20 creatures vanquished.

Notes
Turn   | Place    | Note
-------+----------+-------------------------------------------
     0 | Abyss:1  | Earthwalker the Minotaur Abyssal Knight began the quest for
                  | the Orb.
     0 | Abyss:1  | Reached XP level 1. HP: 19/19 MP: 1/1
     1 | D:1      | Escaped the Abyss
   209 | D:1      | Reached XP level 2. HP: 27/27 MP: 2/2
   784 | D:1      | Reached skill level 4 in Fighting
  1069 | D:2      | Reached XP level 3. HP: 30/33 MP: 3/3
  1108 | D:2      | Slain by a gnoll

Illustrated notes

Levels and vault maps discovered:
D:1:      minmay_arrival_radiant_lines, layout_basic
D:2:      layout_rooms

Skill      XL: |  1  2 |
---------------+-------+-----
Invocations    | 2 |  2.3
Fighting       | 4 |  4.1
Polearms       | 3 |  3.0
Armour         | |  2.9
Dodging        | |  1.1

Action                   || total
-------------------------++-------
Melee: Spear             ||    36
       Headbutt          ||     5
  Use: Scroll            ||     1
Armor: Leather armour    ||     4
Dodge: Dodged            ||    20
